 Dungeon Sprint DCSS version 0.30-a0-1163-gf69bf04e7a (webtiles) character file.

Game seed: 11543737982613531179

646 sircluck the Cleaver (level 7, -3/75 HPs)
             Began as a Hill Orc Berserker on Apr 28, 2023.
             Was a High Priest of Trog.
             Slain by a troll (13 damage)
             ... in the Dungeon (Sprint IX: "|||||||||||||||||||||||||||||").
             The game lasted 00:00:51 (381 turns).

sircluck the Cleaver (Hill Orc Berserker)            Turns: 381, Time: 00:00:51

Health: -3/75      AC: 13    Str: 25    XL:     7   Next: 52%
Magic:  7/7        EV: 12    Int:  7    God:    Trog [*****.]
Gold:   0          SH:  0    Dex: 10    Spells: 6/6 levels left

rFire   . . .        p - +1 broad axe (heavy)
rCold   . . .        (no shield)
rNeg    . . .        m - +1 chain mail
rPois   .            o - +0 helmet
rElec   .            n - +0 cloak
rCorr   .            (no gloves)
SInv    .            (no boots)
Will    .....        (no amulet) Stlth
                     k - +2 ring of evasion
HPRegen 0.32/turn    l - +3 ring of strength
MPRegen 0.10/turn

%: no teleportation
@: on berserk cooldown, slowed, very slow
A: no striking features
a: Renounce Religion, Berserk, Trog's Hand, Brothers in Arms


You were in the Dungeon.
You worshipped Trog.
Trog was extremely pleased with you.
You visited 1 branch

Inventory:

Hand Weapons
 a - a +0 hand axe
 p - a +1 heavy broad axe (weapon)
Armour
 b - a +0 animal skin
 m - a +1 chain mail (worn)
 n - a +0 cloak (worn)
 o - a +0 helmet (worn)
Jewellery
 k - a +2 ring of evasion (left hand)
 l - a +3 ring of strength (right hand)
Wands
 j - a wand of acid (10)
Scrolls
 h - 2 scrolls of blinking
Potions
 c - 5 potions of curing
 d - 3 potions of heal wounds
 e - a potion of haste
 f - 4 potions of magic
 g - a potion of berserk rage
 i - a potion of invisibility


   Skills:
 + Level 11.7 Fighting
 + Level 14.0 Axes
 + Level 5.3 Armour
 + Level 5.0 Dodging
 + Level 0.6 Stealth


You had 6 spell levels left.
You didn't know any spells.
Your spell library was empty.

Dungeon Overview and Level Annotations

Branches:
Dungeon (1/1)

Altars:
Cheibriados
Dithmenos
Elyvilon
Fedhas
Gozag
Hepliaklqana
Kikubaaqudgha
Makhleb
Nemelex Xobeh
Okawaru
Qazlal
Ru
Sif Muna
Trog
Uskayaw
Vehumet
Wu Jian
Xom
Yredelemnul
Zin
The Shining One
Beogh
Jiyva
Lugonu


Message History

Unknown command.
You slash the orc wizard!
You kill the orc wizard!
Trog accepts your kill.
Trog will now gift you melee weapons as you gain piety.
Trog appreciates your killing of a magic user.
Your Axes skill increases to level 14!
Your Dodging skill increases to level 5!
You barely miss the troll. The troll barely misses you.
The troll claws you but does no damage. x2
You barely miss the troll. The troll bites you! The troll claws you.
The troll closely misses you.
Unknown command.
You slice the troll!!
The troll is severely wounded.
Unknown command.
You closely miss the troll.
The troll is severely wounded.
You are no longer berserk.
You are exhausted.
You feel yourself slow down. The troll bites you! The troll claws you!
The troll claws you but does no damage.
You are too injured to fight recklessly!
You are too injured to fight recklessly!
You are too injured to fight recklessly!
You are too injured to fight recklessly!
You are too injured to fight recklessly!
You are too injured to fight recklessly!
You barely miss the troll.
The troll is severely wounded.
The troll completely misses you. The troll claws you. The troll misses you.
The troll bites you.
* * * LOW HITPOINT WARNING * * *
The troll claws you!
* * * LOW HITPOINT WARNING * * *
The troll closely misses you.
You barely miss the troll.
The troll is heavily wounded.
The troll bites you!
You die...

▓.▓
▓?▓
▓)▓
▓.▓
▓.▓
▓.▓
▓.▓
▓.▓
▓@▓
▓T▓
▓.▓
▓.▓
▓.▓
▓.▓
▓.▓
▓.▓


You could see a troll.

Vanquished Creatures
  A wyvern (D)
  A vampire (D)
  An ice beast (D)
  An ogre (D)
  2 killer bees (D)
  A jelly (D)
  A gnoll bouda (D)
  An orc wizard (D)
  An adder (D)
  A dart slug (D)
  2 goblins (D)
  A quokka (D)
  A bat (D)
15 creatures vanquished.

Notes
Turn   | Place    | Note
-------+----------+-------------------------------------------
     0 | D        | sircluck the Hill Orc Berserker began the quest for the
                  | Orb.
     0 | D        | Reached XP level 1. HP: 19/19 MP: 1/1
    14 | D        | Reached ** piety under Trog
    20 | D        | Reached skill level 5 in Axes
    28 | D        | Reached XP level 2. HP: 19/28 MP: 2/2
    68 | D        | Noticed an ogre
    68 | D        | Noticed an ice beast
    72 | D        | Reached skill level 5 in Fighting
    72 | D        | Reached skill level 6 in Axes
    72 | D        | Reached XP level 3. HP: 37/37 MP: 3/3
    79 | D        | Killed an ogre
    79 | D        | Reached *** piety under Trog
    80 | D        | Reached skill level 9 in Axes
    80 | D        | Reached XP level 4. HP: 24/48 MP: 4/4
    80 | D        | Reached XP level 5. HP: 27/53 MP: 5/5
    91 | D        | Killed an ice beast
    92 | D        | Reached skill level 11 in Axes
    92 | D        | Reached XP level 6. HP: 10/64 MP: 6/6
   277 | D        | Found a roughly hewn altar of Beogh.
   277 | D        | Found a snail-covered altar of Cheibriados.
   277 | D        | Found a shadowy altar of Dithmenos.
   277 | D        | Found a white marble altar of Elyvilon.
   277 | D        | Found a blossoming altar of Fedhas.
   277 | D        | Found an opulent altar of Gozag.
   278 | D        | Found a hazy altar of Hepliaklqana.
   279 | D        | Found a viscous altar of Jiyva.
   280 | D        | Found an ancient bone altar of Kikubaaqudgha.
   281 | D        | Found a corrupted altar of Lugonu.
   282 | D        | Found a burning altar of Makhleb.
   283 | D        | Found a sparkling altar of Nemelex Xobeh.
   284 | D        | Found an iron altar of Okawaru.
   285 | D        | Found a stormy altar of Qazlal.
   286 | D        | Found a sacrificial altar of Ru.
   287 | D        | Found a shimmering blue altar of Sif Muna.
   288 | D        | Found a bloodstained altar of Trog.
   289 | D        | Found a hide-covered altar of Uskayaw.
   290 | D        | Found a radiant altar of Vehumet.
   291 | D        | Found an ornate altar of the Wu Jian Council.
   292 | D        | Found a shimmering altar of Xom.
   293 | D        | Found a basalt altar of Yredelemnul.
   294 | D        | Found a glowing silver altar of Zin.
   295 | D        | Found a glowing golden altar of the Shining One.
   319 | D        | Noticed a vampire
   319 | D        | Noticed a wyvern
   319 | D        | Noticed a troll
   364 | D        | Reached **** piety under Trog
   368 | D        | Reached skill level 10 in Fighting
   368 | D        | Reached skill level 12 in Axes
   370 | D        | Killed a vampire
   371 | D        | Reached skill level 13 in Axes
   371 | D        | Reached skill level 5 in Armour
   371 | D        | Reached XP level 7. HP: 74/74 MP: 7/7
   371 | D        | Killed a wyvern
   375 | D        | Reached ***** piety under Trog
   376 | D        | Reached skill level 14 in Axes
   376 | D        | Reached skill level 5 in Dodging
   381 | D        | Slain by a troll

Illustrated notes

Levels and vault maps discovered:
D:        linesprint [early_d, line_temple, items_1, d_10, items_2, lair_1,
          lair_end, items_3, orc_1, orc_end, items_4, d_15, swamp_1, shoals_1,
          snake_1, spider_1, d_20, vaults_1, items_5, swamp_end, shoals_end,
          snake_end, spider_end, vaults_end, d_27, items_6, zot_1, zot_end,
          crypt_end, forest_end, elf_end, slime_end, tomb_end, abyss_end,
          pan_hell_end]

Skill      XL: |  1  2  3  4  5  6  7 |
---------------+----------------------+-----
Fighting       | 4 5 7 9 11 | 11.7
Axes           | 5 6 9 11 13 14 | 14.0
Armour         | 3 4 5 |  5.3
Dodging        | 2 3 4 5 |  5.0
Stealth        | |  0.6

Action                     |  1- 3 |  4- 6 |  7- 9 || total
---------------------------+-------+-------+-------++-------
  Melee: Hand axe          |    33 |    11 |       ||    44
         Broad axe         |       |     7 |    11 ||    18
 Invoke: Berserk           |     1 |     1 |       ||     2
 Armour: Animal skin       |     4 |     2 |       ||     6
         Chain mail        |       |     4 |     5 ||     9
  Dodge: Dodged            |    14 |     9 |     6 ||    29

Table legend: (Time is in decaauts)
 A = Elapsed time spent in this place.
 B = Non-inter-level travel time spent in this place.
 C = Inter-level travel time spent in this place.
 D = Time resting spent in this place.
 E = Time spent auto-exploring this place.
 F = Levels seen in this place.
 G = Mean time per level.
                   A        B        C        D        E       F      G
               +--------+--------+--------+--------+--------+-----+--------+
         Total |    385 |    385 |      0 |    225 |     32 |   1 |  385.0 |
       Dungeon |    385 |    385 |      0 |    225 |     32 |   1 |  385.0 |
               +--------+--------+--------+--------+--------+-----+--------+

Top non-repeatable levels by time:
       D: 385 daAuts
